 Dungeon Crawl Stone Soup version 0.31-a0-145-g046c7d2549 (webtiles) character file.

Game seed: 5904012261575024202

338 NateTC the Ruffian (level 6, -6/61 HPs)
             Began as a Troll Fighter on June 6, 2023.
             Was an Initiate of Wu Jian.
             Mangled by a brown very ugly thing (13 damage)
             ... on level 1 of the Abyss.
             The game lasted 00:04:44 (3427 turns).

NateTC the Ruffian (Troll Fighter)                  Turns: 3427, Time: 00:04:44

Health: -6/61      AC: -4    Str: 25    XL:     6   Next: 29%
Magic:  5/5        EV: 13    Int:  6    God:    Wu Jian [......]
Gold:   120        SH:  8    Dex:  9    Spells: 5/5 levels left

rFire   . .          .
                       - Unarmed
rCold   . . .        b - +0 kite shield
rNeg    . . .        a - +0 robe
rPois   .            (helmet restricted)
rElec   .            (no cloak)
rCorr   .            (gloves unavailable)
SInv    .            (boots unavailable)
Will    .....        (no amulet)
Stlth   +            h - +5 ring of evasion
HPRegen 1.10/turn    (no ring)
MPRegen 0.09/turn

%: no passive effects
@: corroded
A: large, unfitting armour, claws 3, regeneration 1, shaggy fur 1, tough skin 1
a: Renounce Religion


You were on level 1 of the Abyss.
You worshipped Wu Jian.
Wu Jian was noncommittal.
You visited 2 branches of the dungeon, and saw 5 of its levels.
You visited the Abyss 1 time.

You collected 120 gold pieces.

Inventory:

Missiles
 g - a throwing net (quivered)
Armour
 a - a +0 robe (worn)
 b - a +0 kite shield (worn)
Jewellery
 h - a +5 ring of evasion (left claw)
Wands
 i - a wand of paralysis (21)
Scrolls
 l - a scroll of noise {unknown}
 n - a scroll of silence {unknown}
 p - a scroll of blinking {unknown}
 q - a scroll of summoning {unknown}
 r - 2 scrolls of amnesia {unknown}
Potions
 d - 2 potions of degeneration {unknown}
 e - a potion of enlightenment {unknown}
 j - a potion of lignification {unknown}
 k - 3 potions of brilliance {unknown}
 m - a potion of curing {unknown}
 o - a potion of ambrosia {unknown}


   Skills:
 + Level 3.6 Fighting
 - Level 2.4 Dodging
 + Level 3.9 Shields
 * Level 5.0 Unarmed Combat


You had 5 spell levels left.
You didn't know any spells.
Your spell library was empty.

Dungeon Overview and Level Annotations

Branches:
Dungeon (4/15) Zot: 20700  Temple (1/1) D:4 Zot: 5944

Altars:
Cheibriados
Elyvilon
Gozag
Nemelex Xobeh
Okawaru
Ru
Sif Muna
Trog
Wu Jian
Yredelemnul
The Shining One

Annotations:
D:3 1 runed translucent door, Drain's ghost, amateur HuCj
D:4 olmar's ghost, amateur DjHW
Abyss:1 1 runed translucent door


Innate Abilities, Weirdness & Mutations

You are too large for most types of armour.
You have claws for hands.
Your natural rate of healing is unusually fast.
You are covered in fur. (AC +1)
You have tough skin. (AC +1)


Message History

The cerulean imp hits you but does no damage.
You block olmar's ghost's attack.
The kobold brigand hits you with a +1 whip of venom!
* * * LOW HITPOINT WARNING * * *
The kobold hits you but does no damage.
You are cast into the Abyss!
This branch contains the abyssal rune of Zot.
Found a corrupted altar of Lugonu.
Unknown command.
Found a gateway leading deeper into the Abyss.
As you read the scroll of teleportation, it crumbles to dust.
You feel strangely unstable.
You feel the power of the Abyss delaying your translocation!
You are suddenly pulled into a different region of the Abyss!
You enter the shallow water.
Why would you want to do that?
Found a runed translucent door.
Found a gateway leading deeper into the Abyss.
You enter the shallow water.
You enter the shallow water.
Why would you want to do that?
You feel a little less mighty now.
Found a corrupted altar of Lugonu.
A brown very ugly thing comes into view.
The brown very ugly thing attacks as you move away!
The brown very ugly thing completely misses you.
The brown very ugly thing headbutts you.
The acid corrodes you!
You are splashed with acid!
The brown very ugly thing attacks as you move away!
The brown very ugly thing headbutts you.
The acid corrodes you!
You are splashed with acid!
The brown very ugly thing attacks as you move away!
The brown very ugly thing headbutts you!!
* * * LOW HITPOINT WARNING * * *
The acid corrodes you!
You are splashed with acid!
* * * LOW HITPOINT WARNING * * *
You claw the brown very ugly thing!
The brown very ugly thing is lightly wounded.
The brown very ugly thing headbutts you!
You die...

#.# ...## .#
.... ... #...
.#.. ..## .....
#..####
#...#..#..#
#....@...#
#....#u#.# #
#....##ยง..##
.##.
##.#..##.#.#....
# . .###.#..##.#
.#
####.#.........
... #
#..#.##...#..
#..#. ..#. .###
#..#....#.# #


You could see a brown very ugly thing.

Vanquished Creatures
  Duvessa (D:4)
  Dowan (D:4)
  An iguana (D:4)
  An orc wizard (D:3)
  3 adders
  An ufetubus (D:4)
  3 worms
  5 dart slugs
  5 orcs
  3 ball pythons
  5 bats
  8 endoplasms
  A giant cockroach (D:3)
  5 goblins
  13 hobgoblins
  6 jackals (D:3)
  3 quokkas
  4 frilled lizards
  10 kobolds
  2 rats (D:3)
81 creatures vanquished.

Notes
Turn   | Place    | Note
-------+----------+-------------------------------------------
     0 | D:1      | NateTC the Troll Fighter began the quest for the Orb.
     0 | D:1      | Reached XP level 1. HP: 22/22 MP: 0/0
   101 | D:1      | Reached XP level 2. HP: 28/29 MP: 1/1
   245 | D:1      | Found a faded altar of an unknown god.
   952 | D:2      | Reached XP level 3. HP: 25/36 MP: 2/2
   989 | D:2      | Reached skill level 3 in Unarmed Combat
  1429 | D:3      | Found a runed translucent door.
  1460 | D:3      | Noticed Drain's ghost (amateur HuCj)
  1491 | D:3      | Reached XP level 4. HP: 44/44 MP: 3/3
  1744 | D:3      | Found an opulent altar of Gozag.
  2239 | D:4      | Noticed Dowan
  2240 | D:4      | Noticed Duvessa
  2334 | D:4      | Found a runed translucent gate.
  2334 | D:4      | Noticed olmar's ghost (amateur DjHW)
  2336 | D:4      | Found a runed translucent gate.
  2336 | D:4      | Noticed a kobold brigand
  2338 | D:4      | Found a runed translucent gate.
  2341 | D:4      | Reached skill level 4 in Unarmed Combat
  2425 | D:4      | Found a staircase to the Ecumenical Temple.
  2446 | Temple   | Entered the Ecumenical Temple
  2491 | Temple   | Became a worshipper of the Wu Jian Council
  2549 | D:4      | Reached XP level 5. HP: 42/53 MP: 4/4
  3202 | D:4      | Killed Duvessa
  3203 | D:4      | Reached XP level 6. HP: 43/61 MP: 5/5
  3211 | D:4      | Killed Dowan
  3212 | D:4      | Reached skill level 5 in Unarmed Combat
  3341 | Abyss:1  | Found a corrupted altar of Lugonu.
  3341 | Abyss:1  | Cast into level 1 of the Abyss (kobold)
  3370 | Abyss:1  | Found a runed translucent door.
  3406 | Abyss:1  | Found a corrupted altar of Lugonu.
  3413 | Abyss:1  | Noticed a brown very ugly thing
  3427 | Abyss:1  | Mangled by a brown very ugly thing

Illustrated notes

Levels and vault maps discovered:
D:1:      lightli_arrival_statuegarden, layout_basic,
          chequers_ecumenical_altar_simple_redux, st_stairs_11,
          kennysheep_nondescript, serial_park_tiny_pond
D:2:      layout_basic, hangedman_decor_points, chequers_serial_rivers_large_a
D:3:      layout_basic, nicolae_gozag_cash_rules_everything_around_me,
          ebering_ghost_sewer_d
D:4:      layout_layer_cave, minmay_temple_entry_waves,
          gammafunk_ghost_nasty_kobolds, uniq_duvessa
Temple:   compressed_dpeg_circular_temple
Abyss:1:  base:
D:3

Skill      XL: |  1  2  3  4  5  6 |
---------------+-------------------+-----
Shields        | 3 |  3.9
Unarmed Combat | 3 4 5 |  5.0
Fighting       | 3 |  3.6
Dodging        | |  2.4

Action                     |  1- 3 |  4- 6 || total
---------------------------+-------+-------++-------
  Melee: Unarmed           |   123 |   140 ||   263
Ability: Lunge             |       |     9 ||     9
    Use: Scroll            |     2 |     2 ||     4
         Potion            |       |     2 ||     2
 Armour: Robe              |    34 |    29 ||    63
  Dodge: Dodged            |    39 |    62 ||   101
  Block: Kite shield       |    56 |    53 ||   109

Table legend: (Time is in decaauts)
 A = Elapsed time spent in this place.
 B = Non-inter-level travel time spent in this place.
 C = Inter-level travel time spent in this place.
 D = Time resting spent in this place.
 E = Time spent auto-exploring this place.
 F = Levels seen in this place.
 G = Mean time per level.
                   A        B        C        D        E       F      G
               +--------+--------+--------+--------+--------+-----+--------+
         Total |   3440 |   3317 |    123 |     64 |   2538 |   6 |  573.3 |
       Dungeon |   3298 |   3186 |    112 |     64 |   2504 |   4 |  824.5 |
        Temple |     55 |     45 |     10 |      0 |     34 |   1 |   55.0 |
         Abyss |     85 |     85 |      0 |      0 |      0 |   1 |   85.0 |
               +--------+--------+--------+--------+--------+-----+--------+

Top non-repeatable levels by time:
     D:4: 1137 daAuts
     D:1: 852 daAuts
     D:3: 804 daAuts
     D:2: 503 daAuts
 Abyss:1: 85 daAuts
  Temple: 55 daAuts
